Map: Submarine LE

Players

Cham

  • Race: Zerg Zerg
  • League: Grandmaster
  • Spawn Location: 5:00

Kelazhur - Winner!

  • Race: Terran Terran
  • Spawn Location: 11:00

Event: DreamHack SC2 Masters 2020 Winter

VOD

Have the link to the VOD?

Description

Time

  • Played on: Oct. 25, 2020, 4:49 p.m.
  • Length: 10:15

All games in this series

Show
View Real Time Build Order
Export as new Build Order

Cham Zerg 

Build Orders: Hatch First, Muta Ling Bane 

Get SALT Encoding   

  12  0:00  Drone  
  13  0:08  Drone  
  14  0:17  Overlord  
  14  0:35  Drone x2  
  16  0:47  Hatchery  
  15  0:51  Drone  
  15  0:54  Drone  
  17  0:58  Drone  
  18  1:08  Extractor  
  17  1:12  Spawning Pool  
  17  1:15  Drone  
  17  1:19  Drone  
  18  1:29  Drone  
  19  1:40  Drone  
  20  1:50  Overlord  
  20  2:02  Queen x2, Zergling x2  
  20  2:03  Zergling x2  
  26  2:09  Drone  
  26  2:12  Drone, Metabolic Boost  
  28  2:32  Hatchery  
  28  2:35  Spore Crawler  
  28  2:36  Drone  
  27  2:40  Drone  
  28  2:46  Drone  
  28  2:47  Drone x3  
  32  2:53  Queen  
  34  3:01  Overlord  
  34  3:07  Overlord  
  34  3:09  Drone  
  35  3:19  Drone  
  38  3:20  Drone x4  
  38  3:22  Drone  
  38  3:25  Drone  
  42  3:29  Queen  
  44  3:34  Overlord  
  44  3:36  Overlord  
  44  3:44  Queen  
  44  3:45  Drone  
  44  3:46  Drone x2  
  49  3:48  Drone  
  49  3:49  Drone  
  49  3:51  Drone  
  49  3:52  Drone  
  53  3:57  Overlord  
  53  4:01  Baneling Nest  
  53  4:02  Zergling x4  
  54  4:04  Zergling x2  
  54  4:06  Zergling x2  
  54  4:07  Zergling x2  
  57  4:14  Zergling x4  
  57  4:15  Queen  
  62  4:25  Spore Crawler  
  62  4:26  Spore Crawler  
  62  4:27  Drone x2  
  62  4:29  Drone  
  62  4:31  Drone x2, Spore Crawler  
  63  4:35  Drone x2  
  63  4:37  Drone, Zergling x4  
  67  4:39  Drone  
  67  4:41  Drone x2  
  67  4:45  Drone x2  
  72  4:49  Lair  
  72  4:52  Extractor  
  71  4:53  Drone  
  71  4:55  Drone  
  73  5:01  Spore Crawler  
  73  5:03  Baneling x6  
  72  5:10  Zergling x4  
  66  5:23  Zergling x2  
  66  5:25  Drone  
  66  5:26  Drone x6  
  66  5:27  Overlord x2  
  73  5:29  Spore Crawler, Overlord  
  73  5:30  Overlord  
  73  5:33  Zergling x2  
  73  5:35  Overlord x2  
  72  5:37  Extractor  
  72  5:39  Spore Crawler  
  72  5:40  Zergling x2  
  72  5:41  Zergling x4  
  70  5:44  Drone x4  
  70  5:46  Extractor  
  70  5:47  Extractor  
  69  5:50  Extractor  
  69  5:51  Overseer  
  69  5:55  Drone x2  
  69  5:56  Overlord  
  67  6:05  Drone x3  
  69  6:14  Drone, Roach Warren  
  69  6:20  Drone x4, Hatchery  
  69  6:21  Spire  
  69  6:24  Overlord  
  71  6:27  Drone  
  71  6:31  Overlord  
  72  6:34  Baneling x4  
  72  6:35  Drone  
  72  6:36  Drone x3  
  72  6:39  Drone  
  76  6:42  Drone  
  76  6:45  Overlord  
  77  6:50  Overlord  
  77  6:52  Drone  
  78  6:54  Drone  
  78  6:56  Drone x2  
  78  6:57  Drone x5  
  78  7:00  Overlord  
  86  7:05  Drone, Evolution Chamber  
  86  7:06  Evolution Chamber  
  86  7:08  Drone, Centrifical Hooks  
  86  7:20  Zergling x18  
  95  7:23  Overlord  
  95  7:28  Drone  
  96  7:30  Overlord  
  96  7:32  Mutalisk x3  
  96  7:36  Mutalisk  
  104  7:41  Mutalisk x2  
  108  7:44  Zerg Melee Weapons Level 1, Zerg Ground Armor Level 1  
  108  7:45  Mutalisk  
  108  7:49  Mutalisk  
  112  7:53  Baneling x8  
  112  7:54  Zergling x4  
  114  8:00  Mutalisk  
  114  8:01  Zergling x2  
  114  8:02  Zergling x10  
  114  8:04  Mutalisk  
  124  8:08  Mutalisk  
  124  8:10  Zergling x4  
  124  8:12  Zergling x2  
  129  8:13  Overlord  
  129  8:14  Zergling x2  
  129  8:15  Zergling x4  
  129  8:16  Mutalisk  
  129  8:18  Zergling x6  
  137  8:25  Zergling x6  
  140  8:27  Baneling x2  
  140  8:28  Baneling  
  140  8:30  Zergling x12  
  145  8:34  Zergling x4  
  145  8:40  Zergling x4  
  146  8:43  Queen  
  147  8:48  Zergling x4  
  147  8:49  Zergling x14  
  147  8:53  Mutalisk  
  152  8:58  Mutalisk x3  
  152  8:59  Mutalisk x2  
  152  9:01  Zergling x2  
  147  9:08  Baneling x8  
  147  9:09  Zergling x4  
  149  9:13  Extractor  
  149  9:14  Extractor  
  149  9:15  Drone x4  
  149  9:16  Drone  
  148  9:19  Mutalisk  
  148  9:21  Hatchery  
  148  9:26  Mutalisk  
  150  9:32  Mutalisk  
  150  9:36  Zergling x16  
  157  9:39  Zergling x4  
  157  9:42  Baneling  
  157  9:43  Baneling x7  
  157  9:44  Zergling x4  
  157  9:45  Zergling x6  
  164  9:51  Baneling x3  
  161  9:52  Zergling x2  
  161  9:53  Zergling x10  
Show
View Real Time Build Order
Export as new Build Order

Kelazhur Terran - Winner!

Build Orders: Reaper Expand, Hellion Banshee 

Get SALT Encoding   

  12  0:00  SCV  
  13  0:12  SCV  
  14  0:17  Supply Depot  
  14  0:24  SCV  
  15  0:38  SCV  
  15  0:39  Barracks  
  16  0:42  Refinery  
  16  0:50  SCV  
  17  1:02  SCV  
  18  1:15  SCV  
  19  1:26  Reaper  
  19  1:27  Orbital Command  
  20  1:38  Command Center  
  20  1:46  Supply Depot  
  20  1:53  SCV  
  21  1:58  Marine  
  22  2:02  Factory  
  22  2:06  SCV  
  23  2:14  Refinery  
  23  2:18  SCV  
  23  2:20  Barracks Reactor  
  24  2:31  SCV  
  26  2:44  SCV  
  26  2:50  Orbital Command  
  26  2:51  Starport  
  26  2:56  SCV  
  27  3:00  Hellion x2  
  31  3:08  Barracks Tech Lab  
  31  3:09  SCV  
  32  3:16  SCV  
  33  3:21  SCV, Hellion x2  
  33  3:23  Supply Depot  
  38  3:29  SCV  
  38  3:33  SCV, Cloaking Field  
  38  3:34  Banshee  
  43  3:41  SCV  
  43  3:45  SCV  
  43  3:46  Hellion x2  
  49  3:52  Supply Depot  
  49  3:53  SCV  
  49  3:57  SCV  
  50  4:05  SCV  
  50  4:06  Armory  
  50  4:09  SCV  
  52  4:13  Hellion  
  52  4:14  Hellion  
  52  4:15  Supply Depot  
  52  4:16  Banshee  
  59  4:17  SCV  
  59  4:21  SCV  
  61  4:29  SCV  
  62  4:36  Command Center  
  62  4:37  SCV, Supply Depot  
  63  4:42  SCV  
  68  4:45  Hellion x2  
  68  4:49  SCV  
  69  4:55  SCV  
  70  5:01  SCV  
  71  5:07  SCV  
  71  5:09  Hellion x2  
  71  5:10  Supply Depot  
  71  5:11  Barracks Tech Lab  
  71  5:13  SCV  
  77  5:20  SCV  
  69  5:26  SCV, Barracks  
  69  5:28  Barracks  
  62  5:30  Hellion  
  62  5:31  Hellion  
  62  5:32  SCV  
  62  5:33  Starport Reactor  
  65  5:38  SCV  
  65  5:40  Refinery, Engineering Bay  
  65  5:41  Refinery, Engineering Bay  
  66  5:44  Marine  
  66  5:45  SCV  
  63  5:50  SCV  
  63  5:51  Orbital Command, Stimpack  
  64  5:57  SCV  
  65  6:06  Marine  
  65  6:07  Siege Tank  
  65  6:08  Terran Infantry Weapons Level 1  
  65  6:09  Terran Infantry Armor Level 1  
  69  6:11  SCV  
  69  6:15  Orbital Command  
  70  6:24  Marine, Barracks x2  
  71  6:25  Marine x2  
  71  6:30  SCV x2  
  71  6:32  Marine x2, Starport Reactor  
  77  6:40  SCV  
  77  6:42  Marine  
  77  6:43  Marine x2  
  77  6:46  SCV, Barracks  
  82  6:47  Barracks x2  
  82  6:50  Marine x2, Siege Tank  
  87  6:56  SCV  
  87  7:00  Marine, SCV x2  
  87  7:01  Supply Depot, Marine x2  
  91  7:08  Marine  
  94  7:09  Medivac x2  
  94  7:10  Supply Depot  
  94  7:11  Supply Depot  
  94  7:12  SCV  
  99  7:18  Barracks Reactor x2  
  99  7:19  SCV  
  100  7:23  Marine x4  
  100  7:24  Supply Depot  
  104  7:30  SCV x2  
  104  7:31  Combat Shield, SCV  
  104  7:32  Supply Depot  
  104  7:36  Supply Depot, Factory Reactor  
  107  7:39  Marine x3  
  107  7:43  SCV x2  
  112  7:47  Marine x4  
  112  7:49  SCV  
  112  7:50  Command Center  
  112  7:51  Marine  
  118  7:55  SCV  
  119  8:00  Marine  
  119  8:05  Marine x7  
  127  8:08  Marine  
  127  8:09  Marine  
  127  8:10  Marine x2  
  127  8:12  Medivac x2  
  135  8:18  Marine  
  136  8:22  Marine  
  136  8:23  Marine  
  136  8:25  Marine  
  136  8:26  Marine x3, Supply Depot  
  142  8:28  Supply Depot  
  142  8:31  Widow Mine  
  142  8:32  Widow Mine  
  142  8:34  Supply Depot  
  146  8:36  Supply Depot  
  144  8:42  Medivac x2  
  144  8:45  Marine  
  144  8:46  Marine x3  
  152  8:53  Widow Mine x2  
  156  9:02  Marine x8  
  132  9:03  Marine  
  132  9:05  Missile Turret  
  132  9:09  Marine, Refinery  
  138  9:12  Medivac x2  
  138  9:13  Marine  
  143  9:20  Widow Mine  
  143  9:21  Marauder  
  143  9:23  Factory  
  147  9:26  Barracks Tech Lab x3, Marine x2  
  147  9:29  SCV x2  
  153  9:31  Widow Mine  
  153  9:38  Marine  
  153  9:39  Marine x4  
  153  9:40  Missile Turret  
  147  9:54  Marine, Marauder  
  147  9:56  Marine x2  
Tags
 
Add a new tag
Caveats
  • Supply blocks, unpowered buildings, or Contaminate may cause inaccurate times.
  • Supply counts are checked every 10 seconds.